 Dungeon Sprint DCSS version 0.27.1-1-g398f81649c (webtiles) character file.

Game seed: 15291323554818899266

73 ugugthedestroyer the Ruffian (level 4, -2/36 HPs)
             Began as a Draconian Transmuter on Sept 7, 2021.
             Slain by a water elemental (13 damage)
             ... in the Dungeon (Sprint III: "The Ten Rune Challenge").
             The game lasted 00:02:04 (634 turns).

ugugthedestroyer the Ruffian (Draconian Transmuter)  Turns: 634, Time: 00:02:04

Health: -2/36      AC:  6    Str: 13    XL:     4   Next: 8%
Magic:  9/9        EV: 12    Int: 13    God:
Gold:   22         SH:  0    Dex: 12    Spells: 6/10 levels left

rFire    . . .     SeeInvis .     - Unarmed
rCold    . . .     Faith    .   (no shield)
rNeg     . . .     Spirit   .   (armour unavailable)
rPois    .         Reflect  .   (helmet restricted)
rElec    .         Harm     .   g - +0 cloak
rCorr    .         Rampage  .   (no gloves)
Will     .....     NoTele   +   (no boots)
Stlth    +.........             (no amulet)
HPRegen  0.12/turn              (no ring)
MPRegen  0.11/turn              (no ring)

@: engulfed (cannot breathe), on berserk cooldown, slowed, very slow
A: AC +5, unfitting armour, cold-blooded
a: no special abilities


You were in the Dungeon.
You visited 1 branch You collected 22 gold pieces.

Inventory:

Armour
 g - a +0 cloak (worn)
Scrolls
 f - a scroll of blinking
 i - a scroll of torment {unknown}
 j - 3 scrolls of identify
 l - a scroll of holy word {unknown}
Potions
 a - 2 potions of curing
 b - a potion of heal wounds
 c - 2 potions of haste
 d - 2 potions of magic
 h - 3 potions of mutation {unknown}
 k - a potion of resistance {unknown}
 m - a potion of flight {unknown}


   Skills:
 + Level 1.7 Fighting
 + Level 3.3 Dodging
 + Level 0.1 Stealth
 + Level 6.3 Unarmed Combat
 + Level 3.6 Spellcasting
 + Level 3.4 Transmutations


You had 6 spell levels left.
You knew the following spells:

 Your Spells              Type           Power      Damage    Failure   Level
a - Beastly Appendage     Tmut           22%        N/A       5%          1
b - Spider Form           Tmut/Pois      3%         N/A       32%         3

Your spell library contained the following spells:

 Spells                   Type           Power      Damage    Failure   Level
 Wereblood                Tmut           11%        N/A       8%          2
 Ice Form                 Ice/Tmut       6%         N/A       71%         4


Dungeon Overview and Level Annotations

Branches:
Dungeon (1/1)

Altars:


Innate Abilities, Weirdness & Mutations

Your plain brown scales are hard. (AC +5)
You cannot fit into any form of body armour.
You are cold-blooded and may be slowed by cold attacks.


Message History

The human is almost dead.
The human hits you but does no damage.
You barely miss the human. Your headbutt misses the human.
The human is almost dead.
The human closely misses you.
You hit the human.
You kill the human!
Your Unarmed Combat skill increases to level 6!
You have reached level 4!
You feel agile.
Unknown command.
Unknown command.
You see here a human corpse.
You see here a +4 quarterstaff of chaos.
Your horns disappear.
Your talons disappear.
You enter the shallow water.
Moving in this stuff is going to be slow.
This spell is quite dangerous to cast!
Memorise Spider Form, consuming 3 spell levels and leaving 6?
You start memorising the spell.
You continue memorising. x3
You finish memorising.
Spell assigned to 'b'.
Number of times to repeat, then command key: 100 Number of times to repeat, then command key: 100 HP restored A red film seems to cover your vision as you go berserk!
You feel yourself moving faster!
You feel mighty!
The door flies open with a bang!
You feel a strong urge to attack something.
A water elemental comes into view.
You are too berserk!
You feel your anger nearly subside.
You are no longer berserk.
You are exhausted.
You feel yourself slow down. The water elemental hits you!!
Ouch! That really hurt!
The water elemental engulfs you in water!
There is an open door to the Ecumenical Temple here.
You barely miss the water elemental.
Your lungs strain for air!
The water elemental hits you!
You die...

▓▓▓▓▓▓▓▓▓▓ ▓▓▓
.#..'....♣ ♣.#
.#..#....♣♣♣ ♣.#
'####......♣ ♣.#
....#....≈♣♣♣ ♣.###+#+##
....#).†≈≈♣.♣ ♣.#.......
...[#..≈≈≈≈.♣♣♣.@E⌠.....
###'#..≈≈≈≈≈≈...#...####
...)#.≈≈≈≈≈≈....#.⌠.#
....#.≈≈≈≈≈.....#...#
....#.≈≈≈.......#+###
#####...........#
................#
▓▓▓▓▓▓▓▓▓▓▓▓▓▓▓▓▓


You could see a water elemental.

Vanquished Creatures
  Crazy Yiuf (D)
  Jessica (D)
  A human (D)
  3 rats (D)
6 creatures vanquished.

Notes
Turn   | Place    | Note
-------+----------+-------------------------------------------
     0 | D        | ugugthedestroyer the Draconian Transmuter began the quest
                  | for the Orb.
     0 | D        | Reached XP level 1. HP: 16/16 MP: 3/3
   100 | D        | Noticed Jessica
   113 | D        | Killed Jessica
   114 | D        | Reached skill level 5 in Unarmed Combat
   114 | D        | Reached XP level 2. HP: 6/23 MP: 4/6
   358 | D        | Noticed Crazy Yiuf
   364 | D        | Killed Crazy Yiuf
   365 | D        | Reached XP level 3. HP: 18/28 MP: 7/7
   494 | D        | Reached skill level 6 in Unarmed Combat
   494 | D        | Reached XP level 4. HP: 19/36 MP: 7/9
   508 | D        | Learned a level 3 spell: Spider Form
   631 | D        | Noticed a water elemental
   634 | D        | Slain by a water elemental

Illustrated notes

Levels and vault maps discovered:
D:        dungeon_sprint_mu [sprint_mu_entry_forest, sprint_mu_temple_rooms,
          sprint_mu_d1_spiders, sprint_mu_d2_genie, sprint_mu_d3_branching,
          sprint_mu_orc_legion, sprint_mu_elf_gauntlet, sprint_mu_hive_nellie,
          sprint_mu_lair_fedhas, sprint_mu_vaults_butterflies,
          sprint_mu_slime_circle, sprint_mu_shoals_kraken,
          sprint_mu_snake_twists, sprint_mu_blade_basic,
          sprint_mu_crypt_chambers, sprint_mu_tomb_spiral,
          sprint_mu_vestibule_basic, sprint_mu_gehenna_hellfire,
          sprint_mu_dis_giant, sprint_mu_tartarus_statrot,
          sprint_mu_cocytus_islands, sprint_mu_zot1]

Skill      XL: |  1  2  3 |
---------------+----------+-----
Dodging        | 2 3 |  3.3
Unarmed Combat | 5 6 |  6.3
Spellcasting   | 3 |  3.6
Transmutations | 3 |  3.4
Fighting       | |  1.7
Stealth        | |  0.1

Action                   |  1- 3 |  4- 6 || total
-------------------------+-------+-------++-------
Melee: Unarmed           |    28 |     1 ||    29
       Kick              |     7 |       ||     7
       Tailslap          |     2 |       ||     2
       Headbutt          |     3 |       ||     3
 Cast: Beastly Appendage |     3 |       ||     3
  Use: Potion            |     1 |     1 ||     2
Armor: Skin              |     8 |       ||     8
Dodge: Dodged            |    14 |       ||    14
